 Dungeon Crawl Stone Soup version 0.28-a0-1524-ge72afd5fc6 (webtiles) character file.

Game seed: 10354110879634515512

0 psuckher the Sneak (level 1, -6/18 HPs)
             Began as a Barachi Delver on Jan 17, 2022.
             Mangled by Duvessa (12 damage)
             ... on level 5 of the Dungeon.
             The game lasted 00:01:34 (231 turns).

psuckher the Sneak (Barachi Delver)                  Turns: 231, Time: 00:01:35

Health: -6/18      AC:  3    Str: 13    XL:     1   Next: 0%
Magic:  1/1        EV: 12    Int: 10    God:
Gold:   32         SH:  0    Dex: 13    Spells: 0/0 levels left

rFire   . . .      SeeInvis +   h - +8 mace "Oricua" {speed, rPois SInv Stlth+}
rCold   . . .      Faith    .   (no shield)
rNeg    . . .      Spirit   .   b - +0 leather armour
rPois   +          Reflect  .   (no helmet)
rElec   .          Harm     .   (no cloak)
rCorr   .          Rampage  .   (no gloves)
Will    .....                   (no boots)
Stlth   +++.......              (no amulet)
HPRegen 0.06/turn               (no ring)
MPRegen 0.07/turn               (no ring)

@: slow
A: amphibious, slowness 1, strong legs 1, +LOS
a: Hop


You were on level 5 of the Dungeon.
You visited 1 branch of the dungeon, and saw 1 of its levels.

You collected 32 gold pieces.

Inventory:

Hand Weapons
 a - a +0 falchion
 h - the +8 mace "Oricua" (weapon) {speed, rPois SInv Stlth+}
   (You found it on level 5 of the Dungeon)

   Attacks with this weapon are significantly faster.
   rPois:     It protects you from poison.
   SInv:      It lets you see invisible.
   Stlth:     It makes you more stealthy.
Armour
 b - a +0 leather armour (worn)
Wands
 g - a wand of digging (3)
Scrolls
 c - a scroll of fog
 d - a scroll of magic mapping
 e - a scroll of fear
Potions
 f - a potion of haste


   Skills:
 + Level 3.6 Fighting
 + Level 2.4 Long Blades
 + Level 2.1 Dodging
 + Level 4.5 Stealth


You couldn't memorise any spells.
You didn't know any spells.
Your spell library was empty.

Dungeon Overview and Level Annotations

Branches:
Dungeon (5/15)
 Temple: D:4-7

Altars:

Annotations:
D:5 Duvessa


Innate Abilities, Weirdness & Mutations

You are amphibious.
You cover ground slowly.
You can hop short distances.
You have an extended range of vision and can be seen from far away.


Message History

Welcome, psuckher the Barachi Delver.
It is said that the Orb of Zot exists deep within this dungeon.
Press ? for a list of commands and other information.
Found 17 gold pieces, a twisted mace and a dagger.
Found two stone staircases leading down.
Found two stone staircases leading up.
You see here the +8 mace "Oricua" {speed, rPois SInv Stlth+}.
h - the +8 mace "Oricua" {speed, rPois SInv Stlth+} Your hands tingle!
h - the +8 mace "Oricua" (weapon)
{speed, rPois SInv Stlth+}
Found 15 gold pieces.
You now have 15 gold pieces.
A hound comes into view.
You now have 32 gold pieces (gained 17).
Found 10 sling bullets.
There is a stone staircase leading down here.
Found 13 gold pieces.
Found a scroll labelled GUUMOOCEHA.
Found a stone staircase leading down.
Dowan, Brother of Duvessa comes into view.
He is wielding a +0 dagger.
Found 20 gold pieces.
A sky beast comes into view.
Duvessa, Sister of Dowan comes into view.
She is wielding a +0 short sword.
Duvessa shouts!
Dowan hits you with a +0 dagger.
You hit Dowan.
Dowan is lightly wounded.
Dowan barely misses you.
You hit Dowan.
Dowan is moderately wounded.
Dowan hits you with a +0 dagger.
You sock Dowan!
Dowan is severely wounded.
Dowan hits you with a +0 dagger.
You hit Dowan.
You kill Dowan!
Duvessa screams in rage.
Duvessa goes berserk!
Duvessa hits you with a +0 short sword!
Ouch! That really hurt!
You die...

#...e..#..?### .#............#
.............### ..#.$...#.#
##.#.......### #..#.........#
##....#.....## ....#....##.##.##
#.......)@....# ####
.........e.....#####..##
................#......#
.......................#
..##.......##...........####
...##.........#.#........#.#
....#....#....###...#......#
......#..#..##).....##..##.......
................................#


You could see Duvessa (berserk).

Vanquished Creatures
  Dowan (D:5)
1 creature vanquished.

Notes
Turn   | Place    | Note
-------+----------+-------------------------------------------
     0 | D:5      | psuckher the Barachi Delver began the quest for the Orb.
     0 | D:5      | Reached XP level 1. HP: 18/18 MP: 1/1
    10 | D:5      | Identified the +8 mace "Oricua" {speed, rPois SInv Stlth+}
    83 | D:5      | Noticed a hound
   203 | D:5      | Noticed Dowan
   208 | D:5      | Noticed a sky beast
   219 | D:5      | Noticed Duvessa
   231 | D:5      | Killed Dowan
   231 | D:5      | Mangled by Duvessa

Illustrated notes

Levels and vault maps discovered:
D:5:      layout_cave_pools, kennysheep_path_1, uniq_duvessa

Action                   || total
-------------------------++-------
Melee: Mace              ||     4
Dodge: Dodged            ||     1

Table legend: (Time is in decaauts)
 A = Elapsed time spent in this place.
 B = Non-inter-level travel time spent in this place.
 C = Inter-level travel time spent in this place.
 D = Time resting spent in this place.
 E = Time spent auto-exploring this place.
 F = Levels seen in this place.
 G = Mean time per level.
                   A        B        C        D        E       F      G
               +--------+--------+--------+--------+--------+-----+--------+
         Total |    275 |    275 |      0 |      0 |      0 |   1 |  275.0 |
       Dungeon |    275 |    275 |      0 |      0 |      0 |   1 |  275.0 |
               +--------+--------+--------+--------+--------+-----+--------+

Top non-repeatable levels by time:
     D:5: 275 daAuts
